 Dungeon Crawl Stone Soup version 0.18-a0-1800-gdc7a371 (webtiles) character file.

371 Moloch the Cleaver (level 6, -8/51 HPs)
             Began as a Hill Orc Fighter on Apr 24, 2016.
             Was a Follower of Beogh.
             Killed from afar by an orc wizard (10 damage)
             ... with a magic dart
             ... on level 6 of the Dungeon.
             The game lasted 00:06:49 (3288 turns).

Moloch the Cleaver (Hill Orc Fighter)               Turns: 3288, Time: 00:06:50

Health: -8/51      AC: 12    Str: 26    XL:     6   Next: 70%
Magic:  6/6        EV:  4    Int:  8    God:    Beogh [*.....]
Gold:   220        SH:  0    Dex: 10    Spells: 0 memorised, 5 levels left

rFire  . . .     SeeInvis .     a - +0 war axe
rCold  . . .     Gourm    .     q - +0 plate armour (curse)
rNeg   . . .     Faith    .     c - +0 shield
rPois  .         Spirit   .     (no helmet)
rElec  .         Dismiss  .     (no cloak)
rCorr  .         Reflect  .     (no gloves)
SustAt .         Harm     .     (no boots)
MR     .....                    (no amulet)
Stlth  ..........               (no ring)
                                (no ring)

@: confused, mighty, drained, not resistant to hostile enchantments, extremely
unstealthy
A: no striking features
a: Renounce Religion


You were on level 6 of the Dungeon.
You worshipped Beogh.
Beogh was aware of your devotion.
You were hungry.

You visited 1 branch of the dungeon, and saw 5 of its levels.

You collected 220 gold pieces.

Inventory:

Hand Weapons
 a - a +0 war axe (weapon)
Armour
 c - a +0 shield (worn)
 q - a cursed +0 plate armour (worn)
Jewellery
 h - an uncursed ring of fire
Scrolls
 b - 3 scrolls of teleportation {unknown}
 e - 2 scrolls of fear {unknown}
 i - 2 scrolls of magic mapping {unknown}
 j - 2 scrolls of enchant weapon {unknown}
 k - 2 scrolls of remove curse {unknown}
 l - 2 scrolls of amnesia {unknown}
 n - a scroll of random uselessness {unknown}
 o - 5 scrolls of identify {unknown}
 p - a scroll of fog {unknown}
 s - a scroll of enchant armour {unknown}
Potions
 d - a potion of might
Comestibles
 f - 3 bread rations
 g - 3 meat rations
 m - a royal jelly


   Skills:
 - Level 3.6(3.4) Fighting
 + Level 9.1(8.9) Axes
 - Level 3.2(3.0) Armour
 - Level 3.2(3.0) Shields


You had 5 spell levels left.
You didn't know any spells.

Dungeon Overview and Level Annotations

Branches:
Dungeon (4/15)             Temple (0/1) D:6

Altars:
Okawaru

Shops:
D:4 }


Message History

You kill the orc!
Beogh accepts your kill.
You barely miss something. You closely miss something.
You closely miss the giant frog.
The giant frog is heavily wounded.
You closely miss something. You miss something.
Something hits you but does no damage. The giant frog hits you.
* * * LOW HITPOINT WARNING * * *
Something hits you but does no damage.
The adder skeleton bites you but does no damage.
You hear a zap.
A puff of flame appears from out of thin air!
The puff of flame hits you!
* * * LOW HITPOINT WARNING * * *
Something hits you but does no damage.
You hear some strange, mumbled words.
A magic dart appears from out of thin air!
The magic dart hits you!
You die...
Beogh appreciates something's killing of a heretic priest.

....##.........# ##.#.#
#?.g##.........# .....#
....'g5.F.g....##.#...##
#...##..g.gFg...........
....########'##.........
#...# #g##......>..
....# #..Floo......
#...# ####g{{l....!
....# #Z@Fo..... ....#
#(.{...... ###...###.
.⌠.# ...# .... .>..⌠
......


You could see 2 giant frogs, 2 iguanas, 2 gnolls, 3 orcs and an adder skeleton.

Vanquished Creatures
  A giant frog (D:6)
  A crimson imp (D:4)
  3 orc priests
  An orc wizard (D:3)
  8 adders
  An ooze (D:3)
  A worm (D:3)
  A dart slug (D:1)
  A giant gecko (D:4)
  17 orcs
  A giant cockroach (D:2)
  5 goblins
  3 hobgoblins
  A quokka (D:3)
  2 ball pythons
  7 bats
  4 giant newts
  5 kobolds
  4 rats
67 creatures vanquished.

Vanquished Creatures (others)
  An orc priest (D:3)
  A giant gecko (D:3)
  An orc (D:3)
3 creatures vanquished.

Grand Total: 70 creatures vanquished

Notes
Turn   | Place    | Note
--------------------------------------------------------------
     0 | D:1      | Moloch the Hill Orc Fighter began the quest for the Orb.
     0 | D:1      | Reached XP level 1. HP: 19/19 MP: 1/1
    82 | D:1      | Reached skill level 3 in Axes
   155 | D:1      | Reached XP level 2. HP: 21/26 MP: 2/2
   605 | D:2      | Reached skill level 4 in Axes
   619 | D:2      | Reached XP level 3. HP: 25/31 MP: 3/3
   772 | D:2      | Reached skill level 5 in Axes
  1217 | D:2      | Found an iron altar of Okawaru.
  1657 | D:3      | Reached XP level 4. HP: 31/39 MP: 4/4
  1919 | D:3      | Became a worshipper of Beogh the Brigand
  2104 | D:4      | Reached skill level 6 in Axes
  2376 | D:3      | Reached XP level 5. HP: 22/45 MP: 5/5
  2385 | D:3      | Reached skill level 7 in Axes
  2857 | D:4      | Found Kuvvajafo's Gadget Emporium.
  2918 | D:4      | Reached skill level 8 in Axes
  2918 | D:4      | Reached XP level 6. HP: 51/51 MP: 6/6
  2926 | D:4      | Reached * piety under Beogh
  3027 | D:4      | You fall through a shaft for 2 floors!
  3045 | D:6      | Reached skill level 9 in Axes
  3272 | D:6      | Found a staircase to the Ecumenical Temple.
  3288 | D:6      | HP: 2/51 [something/wand of flame (4)]
  3288 | D:6      | Killed from afar by an orc wizard

Vault maps used:
D:1:      dpeg_arrival_snail
D:2:      okawaru_trees_2
D:3:      hangedman_decor_points
D:4:      serial_shops, nicolae_shop_trees
D:6:      tgw_trog, minmay_temple_entry_junction, st_stairs_4, uniq_edmund,
          uniq_blork_the_orc

Skill      XL: |  1  2  3  4  5  6 |
---------------+-------------------+-----
Axes           | 3 4 5 6 8 9 |  9.1
Fighting       | |  3.6
Armour         | |  3.2
Shields        | |  3.2

Action                   |  1- 3 |  4- 6 || total
-------------------------+-------+-------++-------
Melee: War axe           |   122 |   151 ||   273
Invok: Convert to Beogh  |       |     1 ||     1
  Use: Potion            |       |     6 ||     6
  Eat: Chunk             |     2 |     6 ||     8
Armor: Scale mail        |    13 |       ||    13
       Plate armour      |    76 |   166 ||   242
Dodge: Dodged            |    21 |    22 ||    43
Block: Shield            |    68 |    81 ||   149
